Cogmind - Beta 11 --- EXPLORER MODE // 2022.03.21 @ 20:15:55 Player: Xifax Result: Self-destructed Performance ------------- Evolutions (7) 3500 Regions Visited (12) 2400 Robots Destroyed (68) 340 Value Destroyed (2375) 2375 Prototype IDs (7) 140 Alien Tech Used (0) 0 Bonus (1039) 1039 TOTAL SCORE: 9794 Bonus ------- Follower Combat Kills 39 Entered DSFs 1000 Cogmind --------- Core Integrity 1213/1300 Matter 124/300 Energy 3/300 System Corruption 0% Temperature Cool (0) Movement Hovering (161) Ox2 Location -3/Research Parts ------- > --- POWER (2) -------- (None) > --- PROPULSION (8) --- Gyrokinetic Inverter Gyrokinetic Inverter Improved Antigrav System Improved Antigrav System Improved Linear Gravjet Antigrav Array > --- UTILITY (14) ----- Advanced Cooling System Large Storage Unit Compact Battery Weight Redist. System Advanced Visual Processing Unit Active Sensor Suite Advanced Reaction Control System Hardened Light Armor Plating Hacking Suite Hacking Suite > --- WEAPON (2) ------- Mass Driver Remote Datajack > --- INVENTORY (15) --- Improved Gravmag System Improved Gravmag System Gravmag Array Gyrokinetic Inverter Gyrokinetic Inverter Gyrokinetic Inverter Improved Antigrav System Improved Antigrav System Improved Antigrav System Improved Antigrav System Power Amplifier Trap Scanner Graphene Brace Remote Datajack Peak State ------------ > --- POWER ------------ Light Antimatter Reactor Light Quantum Reactor > --- PROPULSION ------- Improved Antigrav System Improved Antigrav System Improved Antigrav System Improved Antigrav System Improved Linear Gravjet Improved Linear Gravjet Antigrav Array > --- UTILITY ---------- Advanced Cooling System Large Storage Unit Compact Battery Large Matter Pod Weight Redist. System Advanced Visual Processing Unit Experimental Sensor Array Active Sensor Suite Advanced Reaction Control System Hardened Light Armor Plating Hacking Suite Hacking Suite > --- WEAPON ----------- Mass Driver Remote Datajack > --- INVENTORY -------- Improved Deuterium Engine Micro Nuclear Core Improved Gravmag System Improved Gravmag System Gravmag Array Gyrokinetic Inverter Gyrokinetic Inverter Improved Antigrav System Improved Antigrav System Power Amplifier Trap Scanner Graphene Brace Remote Datajack [Rating: 158] Favorites ----------- Power Ion Engine Engine Ion Engine Power Core Light Nuclear Core Reactor Light Quantum Reactor Propulsion Compact Wheel Treads Light Treads Leg Improved Carbon-fiber Leg Wheel Compact Wheel Hover Unit Improved Antigrav System Flight Unit Nuclear Pulse Array Utility Hacking Suite Device Experimental Sensor Array Storage Large Matter Pod Processor Advanced Visual Processing Unit Hackware Hacking Suite Protection Propulsion Shielding Weapon Medium Laser Energy Gun Medium Laser Ballistic Cannon Flak Cannon Special Weapon Remote Datajack Special Melee Weapon Improved Datajack Build | -11 -10 -10 -9 -9 -8 -7 -7 -6 -5 -5 -4 -3 ------- Run | Scr Mat Min Mat Min Mat Fac DSF Fac Fac DSF Fac Res Slots Evolved 19 | . 1 . 23 -5 . . . . . . . . Power 1 | . . . 2 -1 . . . . . . . . Propulsion 6 | . . . 6 . . . . . . . . . Utility 12 | . 1 . 13 -2 . . . . . . . . Weapon . | . . . 2 -2 . . . . . . . . Parts Attached 113 | . 3 . 36 1 17 2 18 9 . 9 10 8 Power 15 | . . . 4 . 3 1 2 . . 2 3 . Engine 7 | . . . 3 . 2 . 2 . . . . . Core 6 | . . . 1 . 1 1 . . . 2 1 . Reactor 2 | . . . . . . . . . . . 2 . Propulsion 48 | . 2 . 12 . 4 1 11 3 . 6 5 4 Treads 2 | . 2 . . . . . . . . . . . Leg 8 | . . . . . 4 1 3 . . . . . Wheel 8 | . . . 8 . . . . . . . . . Hover 29 | . . . 4 . . . 8 3 . 6 4 4 Flight 1 | . . . . . . . . . . . 1 . Utility 35 | . 1 . 14 . 6 . 2 5 . 1 2 4 Device 15 | . . . 4 . 2 . 1 3 . 1 2 2 Storage 4 | . 1 . 2 . . . . . . . . 1 Processor 4 | . . . 1 . 2 . . . . . . 1 Hackware 5 | . . . 4 . . . . 1 . . . . Protection 7 | . . . 3 . 2 . 1 1 . . . . Artifact . | . . . . . . . . . . . . . Weapon 15 | . . . 6 1 4 . 3 1 . . . . Energy Gun 9 | . . . 4 1 2 . 2 . . . . . Energy Cannon . | . . . . . . . . . . . . . Ballistic Gun . | . . . . . . . . . . . . . Ballistic Cannon 4 | . . . 2 . 1 . 1 . . . . . Launcher . | . . . . . . . . . . . . . Special Weapon 1 | . . . . . . . . 1 . . . . Impact Weapon . | . . . . . . . . . . . . . Slashing Weapon . | . . . . . . . . . . . . . Piercing Weapon . | . . . . . . . . . . . . . Special Melee Weapon 1 | . . . . . 1 . . . . . . . Unidentified Prototypes 3 | . . . 1 . . . . . . . . 2 Parts Lost 21 | . . . . 4 12 . . . . . 1 4 Power 5 | . . . . 1 2 . . . . . . 2 Propulsion 7 | . . . . . 6 . . . . . . 1 Utility 9 | . . . . 3 4 . . . . . 1 1 Weapon . | . . . . . . . . . . . . . Highest Loss Streak 6 | . . . . 3 6 . . . . . 1 4 To Critical Strikes . | . . . . . . . . . . . . . Average Slot Usage (%) 88 | . 87 87 77 96 82 85 87 97 . 100 97 90 Engine 6 | . 12 12 5 6 5 5 6 7 . 4 . . Core 1 | . . . 2 . . 1 . . . 2 4 . Treads 6 | . 17 25 . . . . . . . . . . Leg 2 | . 7 . . . 4 16 15 . . . . . Wheel 7 | . . . 16 30 18 7 . . . . . . Hover 8 | . . . 4 . . . 9 29 . 30 29 28 Device 9 | . . . 7 14 13 15 15 13 . 19 17 17 Storage 8 | . 12 12 5 7 7 7 7 7 . 7 7 9 Processor 4 | . . . 2 3 5 11 11 11 . 11 11 6 Hackware 6 | . . . 11 14 10 7 7 9 . 7 7 7 Protection 7 | . 12 12 7 9 5 3 3 7 . 7 6 3 Energy Gun 9 | . 25 25 5 2 3 3 . 2 . . . . Ballistic Cannon 1 | . . . 3 3 1 . 2 3 . 3 3 3 Naked Turns . | . . . . . . . . . . . . . Heaviest Build 115 | 20 90 90 115 56 51 42 61 67 67 68 83 83 Greatest Support 135 | 20 40 40 104 104 110 92 135 78 72 92 92 100 Greatest Overweight (x) 19 | . 2 2 1 . 2 . 19 . . . 1 3 Average Overweight (x) . | . 1 2 . . . . . . . . . . Largest Inventory Capacity 25 | 10 25 25 25 15 15 15 15 15 15 15 15 15 Average Capacity 18 | 10 20 25 19 15 15 15 15 15 15 15 15 15 Most Carried 20 | 7 17 18 20 13 15 11 15 15 14 15 15 15 Average Carried 13 | 7 10 17 12 12 11 10 13 12 14 14 13 14 Final Capacity 25 | 10 25 25 15 15 15 15 15 15 15 15 15 15 Final Carried 18 | 7 17 18 12 13 10 11 14 14 14 15 15 15 Class Distribution -------------------- 39% | Hacker-Mutant 18% | Hacker-Scout 12% | Hacker-Assassin 11% | Wizard-Skirmisher 8% | Hacker-Skirmisher 7% | Wizard-Tank Dominant Class ---------------- Hacker-Mutant | -10/Materials Hacker-Mutant | -10/Mines Wizard-Tank | -9/Materials Wizard-Skirmisher | -9/Mines Hacker-Assassin | -8/Materials Hacker-Assassin | -7/Factory Hacker-Assassin | -7/DSF Hacker-Scout | -6/Factory Hacker-Scout | -5/Factory Hacker-Scout | -5/DSF Hacker-Mutant | -4/Factory Hacker-Scout | -3/Research Resources | -11 -10 -10 -9 -9 -8 -7 -7 -6 -5 -5 -4 -3 ----------- Run | Scr Mat Min Mat Min Mat Fac DSF Fac Fac DSF Fac Res Matter Collected 1972 | 200 120 49 467 132 166 70 203 86 . 9 211 259 Remotely . | . . . . . . . . . . . . . Salvage Created 1849 | . 288 109 363 159 473 . 233 42 . . 81 101 Parts 98 | . 6 3 30 10 23 . 13 3 . . 3 7 Haulers Intercepted . | . . . . . . . . . . . . . Recyclers Shooed . | . . . . . . . . . . . . . Parts Field Recycled . | . . . . . . . . . . . . . Retrieved Matter . | . . . . . . . . . . . . . Parts Self-Destructed . | . . . . . . . . . . . . . Prevented . | . . . . . . . . . . . . . Kills | -11 -10 -10 -9 -9 -8 -7 -7 -6 -5 -5 -4 -3 ------- Run | Scr Mat Min Mat Min Mat Fac DSF Fac Fac DSF Fac Res Combat Hostiles Destroyed 58 | . 6 4 11 7 14 . 6 2 . . 5 3 Guns 24 | . 5 4 2 2 9 . . 2 . . . . Cannons 32 | . . . 9 5 4 . 6 . . . 5 3 Classes Destroyed 12 | . 2 1 3 3 1 . 2 . . . . . Worker 3 | . . . 1 . 1 . . . . . . 1 Builder 3 | . . . 2 . . . . . . . . 1 Tunneler 1 | . . . . 1 . . . . . . . . Watcher 4 | . 1 . 2 . 1 . . . . . . . Swarmer 16 | . . 2 3 . 2 . . 2 . . 4 3 Grunt 25 | . 6 2 3 4 8 . 2 . . . . . Sentry 8 | . . . 5 . 2 . . . . . 1 . Demolisher 2 | . . . . 2 . . . . . . . . Specialist 2 | . . . . . . . 2 . . . . . Hunter 3 | . . . . . 2 . 1 . . . . . Heavy 1 | . . . . . . . 1 . . . . . Assembled 1 | . . . . 1 . . . . . . . . Best Kill Streak 4 | . 3 2 3 3 4 . 3 2 . . 4 2 Combat Bots Only 4 | . 2 2 3 3 3 . 3 2 . . 4 2 Max Kills in Single Turn 3 | . 1 1 3 2 1 . 1 1 . . 1 1 Gunslinging . | . . . . . . . . . . . . . Exploded . | . . . . . . . . . . . . . Melee . | . . . . . . . . . . . . . Uniques/NPCs Destroyed . | . . . . . . . . . . . . . Combat | -11 -10 -10 -9 -9 -8 -7 -7 -6 -5 -5 -4 -3 -------- Run | Scr Mat Min Mat Min Mat Fac DSF Fac Fac DSF Fac Res Damage Taken 3195 | . 209 39 118 366 881 . 266 112 . . 391 813 Core 413 | . 35 17 . 31 200 . 22 . . . 21 87 Absorbed by Shields . | . . . . . . . . . . . . . Redirected to Shielding 287 | . 22 3 16 35 143 . 13 7 . . 48 . Regen/Repaired (Parts) 42 | . . . 28 . . . . 14 . . . . Core Remaining (%) 91 | 100 . 79 . 92 63 . 96 100 . 100 98 . Volleys Fired 172 | . 19 7 17 11 51 . 20 6 . . 27 14 Largest 3 | . 2 2 3 2 2 . 2 2 . . 1 1 Hottest 151 | . 100 100 151 107 126 . 112 137 . . 57 57 Shots Fired 274 | . 38 14 47 22 82 . 22 8 . . 27 14 Gun 149 | . 38 14 17 11 65 . 2 2 . . . . Cannon 122 | . . . 30 11 17 . 20 4 . . 27 13 Launcher . | . . . . . . . . . . . . . Special 3 | . . . . . . . . 2 . . . 1 Kinetic 122 | . . . 30 11 17 . 20 4 . . 27 13 Thermal 146 | . 38 14 17 11 64 . . 2 . . . . Explosive . | . . . . . . . . . . . . . Electromagnetic 3 | . . . . . 1 . 2 . . . . . Robot Hit Streak 37 | . 16 27 37 10 36 . 9 7 . . 11 6 Robot Miss Streak 6 | . 2 . 4 4 6 . 2 2 . . 1 2 Penetration Max 1 | . . . . . . . . . . . 1 . Secondary Targets 5 | . 2 . . . 3 . . . . . . . Max Gunslinging Chain 1 | . 1 . . . 1 . . . . . . . Shots Hit Robots 219 | . 31 11 35 17 77 . 18 7 . . 14 9 Core Hits 152 | . 14 9 35 21 47 . 8 5 . . 7 6 Critical Kills . | . . . . . . . . . . . . . Critical Parts Destroyed . | . . . . . . . . . . . . . Critical Strikes 12 | . 2 2 3 . 3 . . 1 . . 1 . Burn 10 | . 2 2 3 . 3 . . . . . . . Blast 2 | . . . . . . . . 1 . . 1 . Melee Attacks 3 | . . . . . 3 . . . . . . . Impact . | . . . . . . . . . . . . . Slashing . | . . . . . . . . . . . . . Piercing . | . . . . . . . . . . . . . Sneak Attacks 3 | . . . . . 3 . . . . . . . Combat Hostiles . | . . . . . . . . . . . . . Follow-up Attacks . | . . . . . . . . . . . . . Damage Inflicted 4821 | . 393 154 703 364 1496 14 619 101 . . 556 421 Guns 1971 | . 388 135 236 150 998 . 22 42 . . . . Cannons 2619 | . . . 461 191 491 . 597 59 . . 556 264 Explosions . | . . . . . . . . . . . . . Melee . | . . . . . . . . . . . . . Ramming 231 | . 5 19 6 23 7 14 . . . . . 157 Kinetic 2619 | . . . 461 191 491 . 597 59 . . 556 264 Thermal 1949 | . 388 135 236 150 998 . . 42 . . . . Explosive . | . . . . . . . . . . . . . Electromagnetic 22 | . . . . . . . 22 . . . . . Impact . | . . . . . . . . . . . . . Slashing . | . . . . . . . . . . . . . Piercing . | . . . . . . . . . . . . . Highest Corruption 2 | . . . . . 2 . . . . . . . Average Corruption 1 | . . . . . 1 . . . . . . . Corruption Purged . | . . . . . . . . . . . . . Corruption Blocked . | . . . . . . . . . . . . . Effects 3 | . . . . . 3 . . . . . . . Matter Fused 1 | . . . . . 1 . . . . . . . Heat Flow Errors 1 | . . . . . 1 . . . . . . . Energy Discharges 1 | . . . . . 1 . . . . . . . Overload Shots . | . . . . . . . . . . . . . Overflow Damage 52 | . . . . 5 . . . . . . . 47 Projectiles 14 | . . . . 4 . . . . . . . 10 Explosions . | . . . . . . . . . . . . . Melee 38 | . . . . 1 . . . . . . . 37 Knockbacks 44 | . . . 11 6 15 . 5 2 . . 2 3 Impact 3 | . . . 1 1 . . . . . . . 1 Kinetic 38 | . . . 10 5 14 . 5 1 . . 2 1 Secondary 3 | . . . . . 1 . . 1 . . . 1 Self-Inflicted Damage 223 | . . . 3 11 131 . . . . . . 78 Shots 2 | . . . . . 2 . . . . . . . Rammed 13 | . 1 6 1 1 1 . . . . . . 3 Targets Rammed 14 | . 1 6 1 1 1 1 . . . . . 3 Kicked 1 | . . . . . . 1 . . . . . . Crushed . | . . . . . . . . . . . . . Highest Temperature 529 | . 357 210 236 52 447 . . 130 . 46 391 529 Average Temperature 142 | . 149 91 71 19 129 . . 60 . 21 172 197 Received Heat Transfer 931 | . 192 15 42 18 351 . 99 90 . . 124 . Effects 24 | . . . . . 5 . . . . . 3 16 Shutdowns 8 | . . . . . 2 . . . . . 2 4 Energy Bleed 5 | . . . . . . . . . . . 1 4 Interference 3 | . . . . . 3 . . . . . . . Matter Decay 3 | . . . . . . . . . . . . 3 Short Circuit 3 | . . . . . . . . . . . . 3 Damage (minor) 1 | . . . . . . . . . . . . 1 Damage (major) 1 | . . . . . . . . . . . . 1 Siege Activations . | . . . . . . . . . . . . . Robots Corrupted . | . . . . . . . . . . . . . Combat Hostiles . | . . . . . . . . . . . . . Parts Fried 2 | . . . . 1 . . . . . . . 1 Impact Corruptions 4 | . . . . 1 . . . . . . . 3 Robots Melted 2 | . 1 . . . 1 . . . . . . . Combat Hostiles 2 | . 1 . . . 1 . . . . . . . Parts Melted 10 | . 4 3 1 . 2 . . . . . . . Heat Transferred 5428 | . 1295 555 740 333 2405 . . 100 . . . . Parts Sabotaged . | . . . . . . . . . . . . . Parts Stolen . | . . . . . . . . . . . . . Parts Stripped . | . . . . . . . . . . . . . Power Chain Reactions . | . . . . . . . . . . . . . Missiles Intercepted . | . . . . . . . . . . . . . Alert | -11 -10 -10 -9 -9 -8 -7 -7 -6 -5 -5 -4 -3 ------- Run | Scr Mat Min Mat Min Mat Fac DSF Fac Fac DSF Fac Res Peak Influence 428 | . 196 103 247 166 401 57 198 127 45 24 428 316 Initial 76 | . . 53 . 31 . 57 30 76 45 24 9 61 Average 98 | . 113 57 74 96 165 57 91 122 45 24 92 127 Maximum Alert Level 2 | . . . 1 . 2 . . . . . 2 1 Low Security (%) 90 | 100 100 100 86 100 63 100 100 100 100 100 82 89 Level 1 9 | . . . 13 . 33 . . . . . 16 10 Level 2 . | . . . . . 3 . . . . . 1 . Level 3 . | . . . . . . . . . . . . . Level 4 . | . . . . . . . . . . . . . Level 5 . | . . . . . . . . . . . . . High Security . | . . . . . . . . . . . . . Max Security . | . . . . . . . . . . . . . Squads Dispatched 12 | . . . 2 . 3 . 2 1 . 1 2 1 Investigation 5 | . . . 1 . 2 . . 1 . . 1 . Extermination 1 | . . . . . . . . . . . . 1 Reinforcement 6 | . . . 1 . 1 . 2 . . 1 1 . Assault . | . . . . . . . . . . . . . Garrison . | . . . . . . . . . . . . . Intercept . | . . . . . . . . . . . . . Searches Triggered . | . . . . . . . . . . . . . Construction Impeded . | . . . . . . . . . . . . . Haulers Reinforced . | . . . . . . . . . . . . . Active Scanning Responses . | . . . . . . . . . . . . . Cargo Convoy Interrupts . | . . . . . . . . . . . . . Stealth | -11 -10 -10 -9 -9 -8 -7 -7 -6 -5 -5 -4 -3 --------- Run | Scr Mat Min Mat Min Mat Fac DSF Fac Fac DSF Fac Res Distress Signals 6 | . 1 . 1 . 2 . . . . . 2 . Communications Jammed . | . . . . . . . . . . . . . Distress Signals . | . . . . . . . . . . . . . Times Spotted 134 | . 11 4 18 11 25 . 7 5 . 3 36 14 Peak Tracking Total 13 | . 3 2 6 4 5 . 3 3 . 2 13 5 Tactical Retreats 11 | . . . . 1 1 . 1 . . . 5 3 Traps | -11 -10 -10 -9 -9 -8 -7 -7 -6 -5 -5 -4 -3 ------- Run | Scr Mat Min Mat Min Mat Fac DSF Fac Fac DSF Fac Res Traps Triggered 7 | . . . 4 . 2 . 1 . . . . . Indirectly . | . . . . . . . . . . . . . Trap Hack Attempts . | . . . . . . . . . . . . . Triggered . | . . . . . . . . . . . . . Disarmed . | . . . . . . . . . . . . . Reprogrammed . | . . . . . . . . . . . . . Reused . | . . . . . . . . . . . . . Traps Extracted . | . . . . . . . . . . . . . Installed . | . . . . . . . . . . . . . Triggered . | . . . . . . . . . . . . . Machines | -11 -10 -10 -9 -9 -8 -7 -7 -6 -5 -5 -4 -3 ---------- Run | Scr Mat Min Mat Min Mat Fac DSF Fac Fac DSF Fac Res Machines Disabled 3 | . . . . . 3 . . . . . . . Max in Single Turn 2 | . . . . . 2 . . . . . . . Machines Sabotaged . | . . . . . . . . . . . . . Garrisons Compromised . | . . . . . . . . . . . . . Overloaded Fab Kills . | . . . . . . . . . . . . . Hacking | -11 -10 -10 -9 -9 -8 -7 -7 -6 -5 -5 -4 -3 --------- Run | Scr Mat Min Mat Min Mat Fac DSF Fac Fac DSF Fac Res Machines Accessed 17 | . 1 . 4 . 6 1 . 2 1 . 1 1 Terminals 12 | . 1 . 3 . 4 1 . . 1 . 1 1 Fabricators . | . . . . . . . . . . . . . Repair Stations 2 | . . . 1 . . . . 1 . . . . Recycling Units 2 | . . . . . 1 . . 1 . . . . Scanalyzers 1 | . . . . . 1 . . . . . . . Garrison Access . | . . . . . . . . . . . . . Total Hacks 72 | . 8 . 21 . 31 1 . 6 1 . 3 1 Successful 69 | . 8 . 21 . 30 1 . 4 1 . 3 1 Failed 3 | . . . . . 1 . . 2 . . . . Catastrophic . | . . . . . . . . . . . . . Database Lockouts . | . . . . . . . . . . . . . Manual 3 | . 2 . 1 . . . . . . . . . Terminals 55 | . 8 . 18 . 23 1 . . 1 . 3 1 Fabricators . | . . . . . . . . . . . . . Repair Stations 6 | . . . 3 . . . . 3 . . . . Recycling Units 7 | . . . . . 4 . . 3 . . . . Scanalyzers 4 | . . . . . 4 . . . . . . . Garrison Access . | . . . . . . . . . . . . . Terminal Hacks 54 | . 8 . 18 . 22 1 . . 1 . 3 1 Record 14 | . 2 . 2 . 7 . . . . . 3 . Robot Analysis 2 | . . . 1 . 1 . . . . . . . Prototype ID Bank 2 | . . . 1 . 1 . . . . . . . Open DSF 3 | . . . . . . 1 . . 1 . . 1 Level Access Points 1 | . . . . . 1 . . . . . . . Branch Access Points 1 | . . . . . 1 . . . . . . . Emergency Access Points 4 | . 1 . 1 . 2 . . . . . . . Terminal Index 1 | . . . . . 1 . . . . . . . Repair Station Index 1 | . . . 1 . . . . . . . . . Recycling Unit Index 1 | . . . . . 1 . . . . . . . Scanalyzer Index 1 | . . . 1 . . . . . . . . . Alert Level 4 | . . . 3 . 1 . . . . . . . Unreport Threat 1 | . . . 1 . . . . . . . . . Locate Traps 1 | . . . . . 1 . . . . . . . Dispatch Records 3 | . 2 . 1 . . . . . . . . . Maintenance Status 2 | . . . 1 . 1 . . . . . . . Security Status 1 | . . . 1 . . . . . . . . . Surveillance Status 1 | . . . . . 1 . . . . . . . Investigation Status 1 | . . . 1 . . . . . . . . . Recall Assault 1 | . . . 1 . . . . . . . . . Registered Components 1 | . . . 1 . . . . . . . . . Registered Prototypes 2 | . . . 1 . 1 . . . . . . . Zone Layout 5 | . 3 . . . 2 . . . . . . . Fabricator Hacks . | . . . . . . . . . . . . . Repair Station Hacks 5 | . . . 3 . . . . 2 . . . . Scan Component 3 | . . . 2 . . . . 1 . . . . Repair 2 | . . . 1 . . . . 1 . . . . Recycling Unit Hacks 6 | . . . . . 4 . . 2 . . . . Recycle Component 1 | . . . . . 1 . . . . . . . Process 1 | . . . . . 1 . . . . . . . Report Inventory 3 | . . . . . 1 . . 2 . . . . Retrieve Components 1 | . . . . . 1 . . . . . . . Scanalyzer 4 | . . . . . 4 . . . . . . . Insert Component 2 | . . . . . 2 . . . . . . . Analyze 2 | . . . . . 2 . . . . . . . Garrison Access Hacks . | . . . . . . . . . . . . . Unauthorized Hacks . | . . . . . . . . . . . . . Terminals . | . . . . . . . . . . . . . Fabricators . | . . . . . . . . . . . . . Repair Stations . | . . . . . . . . . . . . . Recycling Units . | . . . . . . . . . . . . . Scanalyzers . | . . . . . . . . . . . . . Garrison Access . | . . . . . . . . . . . . . Data Cores Recovered . | . . . . . . . . . . . . . Used . | . . . . . . . . . . . . . Hacking Detections 15 | . 1 . 4 . 5 . . 2 1 . 1 1 Full Trace Events 7 | . 1 . 2 . 2 . . 1 . . 1 . Feedback Events 2 | . . . . . 2 . . . . . . . Corruption 1 | . . . . . 1 . . . . . . . Hackware Fried 1 | . . . . . 1 . . . . . . . Feedback Blocked . | . . . . . . . . . . . . . Robot Schematics Acquired . | . . . . . . . . . . . . . Robots Built . | . . . . . . . . . . . . . Authchips . | . . . . . . . . . . . . . Time . | . . . . . . . . . . . . . Total Robot Build Rating . | . . . . . . . . . . . . . Part Schematics Acquired 2 | . . . . . 2 . . . . . . . Parts Built . | . . . . . . . . . . . . . Authchips . | . . . . . . . . . . . . . Time . | . . . . . . . . . . . . . Total Part Build Rating . | . . . . . . . . . . . . . Parts Repaired 2 | . . . 1 . . . . 1 . . . . Time 134 | . . . 26 . . . . 108 . . . . Parts Recycled 1 | . . . . . 1 . . . . . . . Recycled Matter . | . . . . . . . . . . . . . Retrieved Matter . | . . . . . . . . . . . . . Retrieved Components 2 | . . . . . 2 . . . . . . . Parts Scanalyzed 2 | . . . . . 2 . . . . . . . Part Schematics Acquired 2 | . . . . . 2 . . . . . . . Parts Damaged . | . . . . . . . . . . . . . Bothacking | -11 -10 -10 -9 -9 -8 -7 -7 -6 -5 -5 -4 -3 ------------ Run | Scr Mat Min Mat Min Mat Fac DSF Fac Fac DSF Fac Res Used RIF Installer . | . . . . . . . . . . . . . Robots Hacked 3 | . . . . . 1 . . 1 . . . 1 Non-combat 1 | . . . . . 1 . . . . . . . Combat 2 | . . . . . . . . 1 . . . 1 Robot Hacks Applied 4 | . . . . . 2 . . 1 . . . 1 parse_system 3 | . . . . . 1 . . 1 . . . 1 no_distress 1 | . . . . . 1 . . . . . . . Relay Couplers Released . | . . . . . . . . . . . . . Fabnet Peak Effective % . | . . . . . . . . . . . . . Robots Rewired . | . . . . . . . . . . . . . Allies Hacked . | . . . . . . . . . . . . . Hacks Repelled . | . . . . . . . . . . . . . Allies | -11 -10 -10 -9 -9 -8 -7 -7 -6 -5 -5 -4 -3 -------- Run | Scr Mat Min Mat Min Mat Fac DSF Fac Fac DSF Fac Res Total Allies 2 | . . 2 . . . . . . . . . . Largest Group 2 | . . 2 2 . . . . . . . . . Highest-Rated Group 41 | . . 41 41 . . . . . . . . . Highest-Rated Ally 31 | . . 31 31 . . . . . . . . . Total Orders 8 | . . . . . . . . . . . 4 4 ROAM 2 | . . . . . . . . . . . 1 1 EXPLORE 6 | . . . . . . . . . . . 3 3 Ally Attacks 14 | . . . 14 . . . . . . . . . Total Damage 149 | . . . 149 . . . . . . . . . Kills 3 | . . . 3 . . . . . . . . . Allies Corrupted . | . . . . . . . . . . . . . Allies Melted . | . . . . . . . . . . . . . Intel | -11 -10 -10 -9 -9 -8 -7 -7 -6 -5 -5 -4 -3 ------- Run | Scr Mat Min Mat Min Mat Fac DSF Fac Fac DSF Fac Res Robot Analysis Total 2 | . . . 1 . 1 . . . . . . . Derelict Logs Recovered 2 | . . 2 . . . . . . . . . . Drone Launches 13 | . . . . . . . . . . . 9 4 Drone Recoveries 11 | . . . . . . . . . . . 9 2 Exploration | -11 -10 -10 -9 -9 -8 -7 -7 -6 -5 -5 -4 -3 ------------- Run | Scr Mat Min Mat Min Mat Fac DSF Fac Fac DSF Fac Res Turns Passed 4282 | 39 386 864 556 436 586 61 219 192 1 66 406 470 Spaces Moved 3231 | 33 142 258 396 432 380 47 176 150 3 121 537 556 Core 1 | . . . . . . . 1 . . . . . Treads 330 | . 72 258 . . . . . . . . . . Legs 357 | 33 70 . . . 135 47 72 . . . . . Wheels 1073 | . . . 396 432 245 . . . . . . . Hover 1470 | . . . . . . . 103 150 3 121 537 556 Flight . | . . . . . . . . . . . . . Fastest Speed 27 | 120 120 320 90 90 90 120 32 32 32 32 29 27 Average Speed 96 | 120 221 320 100 90 102 120 76 32 32 32 49 40 Slowest Speed 1000 | 120 320 320 115 90 260 122 1000 36 32 40 108 186 Overloaded Moves . | . . . . . . . . . . . . . Propulsion Burnouts . | . . . . . . . . . . . . . Robots Hopped . | . . . . . . . . . . . . . Cave-ins Triggered . | . . . . . . . . . . . . . Exploration Rate (%) 38 | 3 30 65 42 44 43 2 83 4 . 92 18 30 Regions Visited 12 Branch Regions 2 Pre-discovered Areas 1 | . . 1 . . . . . . . . . . Known Exits Taken 10 | 1 1 1 1 1 1 1 . 1 1 . 1 . Unknown Exits Taken . | . . . . . . . . . . . . . Scrap Searched . | . . . . . . . . . . . . . Spaces Dug 11 | . . . . . . . . . . . 11 . Terrain Destroyed 86 | . . . . . 64 . 3 1 . . 13 5 Melee . | . . . . . . . . . . . . . Projectile 22 | . . . . . . . 3 1 . . 13 5 AOE 64 | . . . . . 64 . . . . . . . Terrain Rammed . | . . . . . . . . . . . . . Walls Destroyed . | . . . . . . . . . . . . . Machines Disabled . | . . . . . . . . . . . . . Actions | -11 -10 -10 -9 -9 -8 -7 -7 -6 -5 -5 -4 -3 --------- Run | Scr Mat Min Mat Min Mat Fac DSF Fac Fac DSF Fac Res Total 4117 | 32 175 271 517 456 492 50 240 287 2 153 653 789 Wait 431 | . . . 30 11 24 . . 111 . 9 59 187 Move 3219 | 32 141 257 395 431 379 46 175 149 2 120 536 556 Hop . | . . . . . . . . . . . . . Pick Up 78 | . 10 1 26 1 7 . 9 6 . 2 7 9 Fast Attach 28 | . . . 3 . 10 2 7 1 . 2 3 . Attach 49 | . 1 . 27 . 4 . 5 5 . . 2 5 Detach 19 | . 1 . 3 . 2 1 4 1 . 1 1 5 Swap 36 | . 2 . 6 1 3 . 6 3 . 7 5 3 Drop 68 | . . . 9 . 8 . 14 5 . 12 13 7 Fire 172 | . 19 7 17 11 51 . 20 6 . . 27 14 Melee 3 | . . . . . 3 . . . . . . . Ram 6 | . . . 1 1 1 . . . . . . 3 Kick 1 | . . . . . . 1 . . . . . . Crush 7 | . 1 6 . . . . . . . . . . Escape Stasis . | . . . . . . . . . . . . . Rewire . | . . . . . . . . . . . . . Trap . | . . . . . . . . . . . . . Miscellaneous . | . . . . . . . . . . . . . Route ------- -11/Scrapyard -10/Materials -10/Mines -9/Materials -9/Mines (discovered 2 exits: *Mat x2) -8/Materials (discovered 4 exits: *Fac x3 / Sto) -7/Factory -7/DSF -6/Factory -5/Factory -5/DSF -4/Factory -3/Research History --------- Turn | Location | Event 1 | -11/Scrapyard | Identified exit to Materials 1 | -11/Scrapyard | Discovered exit to Materials (range 3) 40 | -11/Scrapyard | Entered Materials 40 | -10/Materials | Evolved 1 slot: Utility x1 307 | -10/Materials | Identified exit to Mines 307 | -10/Materials | Discovered exit to Mines (range 9) 309 | -10/Materials | Build established: Hacker-Mutant 426 | -10/Materials | Entered Mines 666 | -10/Mines | Learned Materials emergency access door positions 1046 | -10/Mines | Found a damaged Exp. Sensor Array with a note attached 1052 | -10/Mines | Found Prototype Device 1162 | -10/Mines | Learned location of Mines (-9) 1255 | -10/Mines | Identified exit to Materials 1255 | -10/Mines | Discovered exit to Materials (range 7) 1290 | -10/Mines | Entered Materials 1290 | -9/Materials | Accompanied by 2 allies 1290 | -9/Materials | Evolved 23 slots: Power x2, Propulsion x6, Utility x13, Weapon x2 1295 | -9/Materials | Led the pair of lost Derelicts to an unsafe place 1323 | -9/Materials | Identified Exp. Sensor Array 1649 | -9/Materials | Identified exit to Mines 1649 | -9/Materials | Discovered exit to Mines (range 9) 1687 | -9/Materials | Repaired Propulsion Shielding 1810 | -9/Materials | Build established: Wizard-Tank 1846 | -9/Materials | Entered Mines 1846 | -9/Mines | Evolved -5 slots (calibrated): -Power x1, -Utility x2, -Weapon x2 1885 | -9/Mines | Identified exit to Materials 1885 | -9/Mines | Discovered exit to Materials (range 8) 1957 | -9/Mines | Discovered exit to Materials (range 13) 2072 | -9/Mines | Assembled infested the area 2143 | -9/Mines | Build established: Wizard-Skirmisher 2222 | -9/Mines | Lost 3 parts (3u) 2282 | -9/Mines | Entered Materials 2481 | -8/Materials | Build established: Hacker-Skirmisher 2616 | -8/Materials | Lost 6 parts (1p4n1u) 2665 | -8/Materials | Lost 3 parts (2n1u) 2722 | -8/Materials | Identified exit to Storage 2791 | -8/Materials | Identified exit to Factory 2791 | -8/Materials | Hacking Suite fried by hacking feedback 2868 | -8/Materials | Entered Factory 2881 | -7/Factory | Build established: Hacker-Assassin 2929 | -7/Factory | Identified exit to DSF 2929 | -7/Factory | Entered DSF 2960 | -7/DSF | Additional patrols routed to DSF 3135 | -7/DSF | Identified exit to Factory 3135 | -7/DSF | Discovered exit to Factory (range 16) 3148 | -7/DSF | Entered Factory 3237 | -6/Factory | Identified exit to Factory 3237 | -6/Factory | Discovered exit to Factory (range 14) 3283 | -6/Factory | Repaired Exp. Sensor Array 3340 | -6/Factory | Entered another Factory area 3341 | -5/Factory | Identified exit to DSF 3341 | -5/Factory | Entered DSF 3342 | -5/DSF | Joined Warlord attack on 0b10 via DSF 3361 | -5/DSF | Additional patrols routed to DSF 3379 | -5/DSF | Found Prototype Device 3399 | -5/DSF | Identified exit to Factory 3399 | -5/DSF | Discovered exit to Factory (range 18) 3407 | -5/DSF | Entered Factory 3421 | -4/Factory | Build established: Hacker-Scout 3455 | -4/Factory | 8 allies followed out of DSF 3800 | -4/Factory | Identified exit to Research 3800 | -4/Factory | Discovered exit to Research (range 8) 3813 | -4/Factory | Entered Research 4013 | -3/Research | Identified Active Sensor Suite 4283 | -3/Research | Self-destructed Last Messages --------------- Power failure, Lgt. Quantum Reactor shutdown. Power failure, Lgt. Antimatter Reactor shutdown. Power failure, Lgt. Quantum Reactor shutdown. Lgt. Antimatter Reactor destroyed. Imp. Linear Gravjet broken. Overheating: Short circuit. Overheating: Energy bleed (-28). Gyrokinetic Inverter broken. Overheating: Short circuit. Power failure, Lgt. Quantum Reactor shutdown. Overheating: Matter decay (-36). Overheating: Energy bleed (-24). Mass Driver broken. Overheating: Short circuit. Overheating: Imp. Antigrav System damaged (-5). Overheating: Lrg. Matter Pod damaged (-5). Lrg. Matter Pod destroyed. Imp. Linear Gravjet destroyed. Lgt. Quantum Reactor destroyed. ALERT: Cargo convoy en route, clear transfer corridor. Map ----- +----------------------------------------------------+ | ??????????# # #??????????????# ????? | | #######???# # #??????????????# ????? | | #???# #= """"" #??????????????# ????? | | #???# # """"" #??????????????# ????? | | #???# + """"" #???????????????? ????? | | #???# # #???????????????????????? | | #######???# # #???????????????????????? | | #?????????# # #???????????????????????? | | #?????????# ###+#######???????????????????????? | | #?????????# #?# #?????????????????????????????? | | ##????????# ### ####??????????????????????????? | | #????????# #??????????????????????????? | | #????????# ####???????????????????????? | | #????????# +???????????????????????? | | #????????# ####???????????????????????? | | #??????? ######## #??????????????????????????? | | #?????? ???????# #??????????????????????????? | | ######/########## #??????????????????????????? | | #??????????????????????????? | | #??????????????????????????? | | #??????????????????????????? | | #??????????????????????????? | | ######+###### ########??????????????????????????? | | # ??# #########?????????????????????????? | | # ??# # ###### #???????????????? | | #? ???# # s/ @ +???????????????? | | #? ???# + s ###### #???????????????? | | #?? ????# ##############????????????????????? | | #??] ????# # #????????????????????? | | #??? ?????# # #????????????????????? | | #??? ?????# # """ """ #????????????????????? | | #####+####### # """ """ #????????????????????? | | # """ """ #????????????????????? | | # #????????????????????? | | + #????????????????????? | | # """ """ #????????????????????? | | ###########+#### """ """ #????????????????????? | | ????????? ?# """ """ #????????????????????? | | ??????? [ # #????????????????????? | | ????? [ # #????????????????????? | | ??? ##############????????????????????? | | ??# ! #?????????????????????????????????? | | ??##############?????????????????????????????????? | | ?????????????????????????????????????????????????? | | ?????????????????????????????????????????????????? | | ?????????????????????????????????????????????????? | | ?????????????????????????????????????????????????? | | ?????????????????????????????????????????????????? | | ?????????????????????????????????????????????????? | | ?????????????????????????????????????????????????? | +----------------------------------------------------+ Best States ------------- Heat Dissipation 77 Energy Generation 41 Energy Capacity 520 Matter Stores 450 Matter Capacity 450 Sight Range 20 Robot Scan Range 20 Terrain Scan Range 16 Terrain Scan Density 110 Additional Mass Support 6 Armor Coverage 150 Resistance: KI 35 Resistance: TH 35 Resistance: EX 35 Resistance: EM 35 Resistance: I 35 Resistance: S 35 Resistance: P 35 Propulsion Shielding 33 Utility Shielding 66 Weapon Shielding 33 Evasion (%) 70 Recoil Reduction 2 Offensive Hacking 60 Authchip Count 1 Item Schematics ----------------- Airjet | -8/Materials | Scanalyzed Hrd. Light Armor Plating | -8/Materials | Scanalyzed Robot Schematics ------------------ None Fabricated ------------ Nothing Alien Tech Used ----------------- None Achievements -------------- None Challenges ------------ None Game ------ Seed DynamicCoolantRigger Manual? 0 Play Time 01:19:16 Cumulative 5.6 hours Start 2022.03.21 @ 18:51:18 End 2022.03.21 @ 20:15:55 Sessions 1 Manual Loads 0 Difficulty Explorer Special Mode None Game No. 4 Rogue 0 Adventurer 0 Explorer 4 Win Type - Total 0 Types 0/0/0/0/0/0/0/0/0 Lore% 5 Gallery% 14 Achievement% 38 Wizard Run 0 Options --------- ASCII 0 Keyboard 0 Movement Mouse Keybinds 0 Fullscreen 1 Font 36/Crisp Map View 76x50 Tactical HUD 0 Map Filters NONE Filters NONE Steam 1 RUN: 0bdd37d1-587b-4dc6-b75b-606395385ca8